 Dungeon Crawl Stone Soup version 0.20.1-1-g8b1a95d (webtiles) character file.

219 letownia2 the Grave Robber (level 5, 0/42 HPs)
             Began as a Deep Dwarf Necromancer on Nov 7, 2017.
             Slain by Anon1729's ghost (1 damage)
             ... on level 4 of the Dungeon.
             The game lasted 00:04:35 (1548 turns).

letownia2 the Grave Robber (Deep Dwarf Necromancer) Turns: 1548, Time: 00:04:36

Health: 0/42       AC:  6    Str: 11    XL:     5   Next: 63%
Magic:  2/8        EV: 11    Int: 15    God:
Gold:   134        SH:  0    Dex: 13    Spells: 4/8 levels left

rFire    . . .     SeeInvis .   a - +0 war axe
rCold    . . .     Gourm    .   (no shield)
rNeg     . . .     Faith    .   f - +0 ring mail
rPois    .         Spirit   .   (no helmet)
rElec    .         Reflect  .   (no cloak)
rCorr    .         Harm     .   (no gloves)
MR       .....                  l - +0 pair of boots (curse)
Stlth    +.........             (no amulet)
Regen    0.0/turn               h - -2 ring of intelligence (curse)
MPRegen  0.2/turn               (no ring)

@: non-regenerating
A: damage resistance, heal wounds, sense surroundings 1, no regeneration
a: Heal Wounds


You were on level 4 of the Dungeon.
You were hungry.

You visited 1 branch of the dungeon, and saw 4 of its levels.

You collected 134 gold pieces.

Inventory:

Hand Weapons
 a - a +0 war axe (weapon)
 k - a +1 scythe of slicing
 n - a +0 flail
Armour
 f - a +0 ring mail (worn)
 l - a cursed +0 pair of boots (worn)
Jewellery
 h - a cursed -2 ring of intelligence (left hand)
Scrolls
 g - a scroll of identify {unknown}
 j - a scroll of recharging {unknown}
 m - a scroll of fog {unknown}
Potions
 d - a potion of flight {unknown}
 e - a potion of curing {unknown}
Books
 b - a book of Necromancy

   Spells                             Type                      Level
   a - Pain                           Necromancy                   1
   b - Animate Skeleton               Necromancy                   1
   c - Vampiric Draining              Necromancy                   3
   d - Regeneration                   Charms/Necromancy            3
   e - Animate Dead                   Necromancy                   4
   f - Control Undead                 Necromancy                   4
Comestibles
 c - 2 bread rations


   Skills:
 + Level 0.1 Fighting
 - Level 2.1 Dodging
 - Level 2.4 Stealth
 + Level 2.2 Spellcasting
 - Level 7.3 Necromancy


You had 4 spell levels left.
You knew the following spells:

 Your Spells              Type           Power        Failure   Level  Hunger
a - Pain                  Necr           ###.         2%          1    #......
v - Vampiric Draining     Necr           ###.......   8%          3    ###....


Dungeon Overview and Level Annotations

Branches:
Dungeon (4/15)
 Temple: D:4-7

Altars:

Annotations:
D:4 Anon1729's ghost, amateur OpEE


Innate Abilities, Weirdness & Mutations

You are resistant to damage.
You can heal yourself by infusing magical energy.
You passively map a small area around you.
You do not regenerate.


Message History

You are feeling hungry.
Anon1729's ghost turns its malevolent gaze towards you.
An adder skeleton comes into view.
All of the chunks of flesh in your inventory have rotted away.
Anon1729's ghost tries to blend into its surroundings.
Casting: Vampiric Draining
Confirm with . or Enter, or press ? or * to list all spells.
Aiming: Vampiric Draining
Press: ? - help, Shift-Dir - straight line, f - ogre
Aim: an ogre, wielding a giant club (heavily wounded)
The ogre is almost dead.
You feel life coursing into your body. The ogre closely misses you.
Unknown command.
The ogre barely misses you. Anon1729's ghost casts a spell at you.
The stone arrow hits you!
* * * LOW HITPOINT WARNING * * *
Unknown command.
Anon1729's ghost hits you.
You die...

###.#.##...W......#, ,
###......#.###.#### ,, *
......##.#.###.#
...#######.....# ...#
#.##..# * , ..##
#.....#########
#.########.##..........#
,
........##.##....W.....#
........##.##...@O.....#
*
...............#########*
* ###.######.##.## #...#
#..... .#* * ##..#
##..#########.# ####[.#
#............# ...)..#
#..O.........# .....)#
#............#
......####............#


You could see an ogre and Anon1729's ghost.

Vanquished Creatures
  Sigmund (D:4)
  A gnoll (D:3)
  An adder (D:4)
  A dart slug (D:3)
  2 leopard geckos
  10 orcs
  A giant cockroach (D:2)
  A goblin (D:3)
  A hobgoblin (D:1)
  A jackal (D:2)
  A kobold (D:1)
  2 quokkas
  2 bats
  A rat (D:2)
26 creatures vanquished.

Notes
Turn   | Place    | Note
-------+----------+-------------------------------------------
     0 | D:1      | letownia2 the Deep Dwarf Necromancer began the quest for the Orb.
     0 | D:1      | Reached XP level 1. HP: 15/15 MP: 3/3
   435 | D:3      | Reached XP level 2. HP: 11/22 MP: 0/5
   699 | D:3      | Reached skill level 5 in Necromancy
   751 | D:3      | Reached XP level 3. HP: 3/28 MP: 0/6
   756 | D:3      | Learned a level 3 spell: Vampiric Draining
  1061 | D:4      | Noticed Sigmund
  1077 | D:4      | HP: 1/28 [something (13)]
  1081 | D:4      | Killed Sigmund
  1081 | D:4      | Reached skill level 7 in Necromancy
  1081 | D:4      | Reached XP level 4. HP: 1/36 MP: 1/7
  1081 | D:4      | Reached XP level 5. HP: 2/42 MP: 1/8
  1394 | D:4      | Noticed Anon1729's ghost (amateur OpEE)
  1400 | D:4      | Noticed an ogre
  1441 | D:4      | HP: 1/42 [ogre/giant club (19)]
  1547 | D:4      | HP: 1/42 [Anon1729's ghost/stone arrow (14)]
  1548 | D:4      | Slain by Anon1729's ghost

Skill      XL: |  1  2  3 |
---------------+----------+-----
Spellcasting   | 2 |  2.2
Necromancy     | 5 7 |  7.3
Fighting       | |  0.1
Dodging        | |  2.1
Stealth        | |  2.4

Action                   |  1- 3 |  4- 6 || total
-------------------------+-------+-------++-------
Melee: Unarmed           |     7 |       ||     7
       War axe           |     6 |       ||     6
 Cast: Pain              |    45 |       ||    45
       Vampiric Draining |     5 |    10 ||    15
  Eat: Chunk             |     2 |     2 ||     4
Armor: Robe              |     2 |       ||     2
       Ring mail         |     4 |     1 ||     5
Dodge: Dodged            |    16 |     5 ||    21
